 Dungeon Crawl Stone Soup version 0.19.1 (webtiles) character file.

14 M4edhros the Grave Robber (level 2, -3/17 HPs)
             Began as an Octopode Necromancer on Dec 25, 2016.
             Killed from afar by Sigmund (6 damage)
             ... with a magic dart
             ... on level 2 of the Dungeon.
             The game lasted 00:01:59 (410 turns).

M4edhros the Grave Robber (Octopode Necromancer)     Turns: 410, Time: 00:02:00

Health: -3/17      AC:  1    Str:  7    XL:     2   Next: 45%
Magic:  4/5        EV: 13    Int: 17    God:
Gold:   33         SH:  0    Dex: 12    Spells: 2 memorised, 3 levels left

rFire  . . .     SeeInvis .       - Unarmed
rCold  . . .     Gourm    .     (no shield)
rNeg   . . .     Faith    .     (helmet restricted)
rPois  .         Spirit   .     (no amulet)
rElec  .         Reflect  .     (no ring)
rCorr  .         Harm     .     (no ring)
MR     .....                    (no ring)
Stlth  +++.......               (no ring)
                                (no ring)
                                (no ring)
                                (no ring)
                                (no ring)

@: no status effects
A: almost no armour, stealthy swim, amphibious, 8 rings, constrict 8, camouflage
1, gelatinous body 1
a: no special abilities


You were on level 2 of the Dungeon.
You were not hungry.

You visited 1 branch of the dungeon, and saw 2 of its levels.

You collected 33 gold pieces.

Inventory:

Scrolls
 c - a scroll of teleportation {unknown}
 e - a scroll of enchant weapon {unknown}
 f - 2 scrolls of identify {unknown}
Books
 a - a book of Necromancy

   Spells                             Type                      Level
   a - Pain                           Necromancy                   1
   b - Animate Skeleton               Necromancy                   1
   c - Vampiric Draining              Necromancy                   3
   d - Regeneration                   Charms/Necromancy            3
   e - Animate Dead                   Necromancy                   4
   f - Control Undead                 Necromancy                   4
Comestibles
 b - 2 bread rations
 d - a beef jerky


   Skills:
 - Level 2.0 Dodging
 - Level 2.6 Stealth
 + Level 2.0 Unarmed Combat
 - Level 2.0 Spellcasting
 - Level 4.0 Necromancy


You had 3 spell levels left.
You knew the following spells:

 Your Spells              Type           Power        Failure   Level  Hunger
a - Pain                  Necr           ###.         3%          1    #......
b - Animate Skeleton      Necr           N/A          3%          1    #......


Dungeon Overview and Level Annotations

Branches:
Dungeon (2/15)

Altars:

Annotations:
D:2 Sigmund


Innate Abilities, Weirdness & Mutations

You cannot wear most types of armour.
You are very stealthy in the water. (Stealth+)
You are amphibious.
You can wear up to eight rings at the same time.
You can use your tentacles to constrict eight enemies at once.
Your skin changes colour to match your surroundings (Stealth+).
Your rubbery body absorbs attacks. (AC +1, EV +1)


Message History

There is a stone staircase leading up here.
A giant cockroach comes into view.
The ooze closely misses you.
Found an escape hatch in the ceiling.
There is an escape hatch in the ceiling here.
Found 16 gold pieces.
A rat comes into view.
The ooze barely misses you.
You see here 16 gold pieces.
An adder comes into view.
Found a stone staircase leading up.
Sigmund the Dreaded comes into view.
He is wielding a scythe.
Found 8 gold pieces.
You aren't carrying any potions.
The adder hisses angrily.
The ooze misses you. The rat closely misses you.
Sigmund is suddenly surrounded by pale green light.
Sigmund points at you and mumbles some strange words.
The magic dart hits you!
You die...

........#... ..
..........#.####.#
........# ....#..#
$.♣.<..###.....#
♣......#.....###
...♣.....#..@..... #
..........#..S.## .#
......###...r.J..#####.###
. ....# ##.#####@........#
. .... #..######.......#
.♣♣.. ##..............#
.♣..# ########.......#
....### #.......# ....w.#
#$....... ..###.#####
#........ #.# #.#...#
####.......# ..#
#.....#####...........


You could see Sigmund, an ooze, an adder and a rat.

Vanquished Creatures
  A leopard gecko (D:1)
  2 bats (D:1)
  A giant cockroach (D:1)
  A goblin (D:1)
  3 hobgoblins (D:1)
  2 frilled lizards (D:1)
  2 rats (D:1)
12 creatures vanquished.

Vanquished Creatures (collateral kills)
  A hobgoblin (D:1)
1 creature vanquished.

Grand Total: 13 creatures vanquished

Notes
Turn   | Place    | Note
-------+----------+-------------------------------------------
     0 | D:1      | M4edhros the Octopode Necromancer began the quest for the Orb.
     0 | D:1      | Reached XP level 1. HP: 11/11 MP: 3/3
    14 | D:1      | Learned a level 1 spell: Animate Skeleton
    67 | D:1      | Reached skill level 1 in Unarmed Combat
   199 | D:1      | Reached XP level 2. HP: 13/17 MP: 1/5
   402 | D:2      | Noticed Sigmund
   410 | D:2      | Killed from afar by Sigmund

Skill      XL: |  1  2 |
---------------+-------+-----
Unarmed Combat | 1 2 |  2.0
Dodging        | |  2.0
Stealth        | |  2.6
Spellcasting   | |  2.0
Necromancy     | |  4.0

Action                   || total
-------------------------++-------
Melee: Unarmed           ||    10
       Constrict         ||     2
       Tentacles         ||     2
       Punch             ||     1
 Cast: Pain              ||    24
       Animate Skeleton  ||     1
  Use: Potion            ||     1
Armor: Skin              ||     5
Dodge: Dodged            ||    22
